[Event "9th Amsterdam Science Park A 2019"]
[Site "Amsterdam"]
[Date "2019.07.14"]
[Round "9.11"]
[White "Vos, Tjark"]
[Black "Bogaard, Milo"]
[Result "1-0"]
[ECO "B36"]
[WhiteElo "2210"]
[BlackElo "2100"]
[Annotator "NA"]
[PlyCount "123"]
[EventDate "2019.07.06"]
[EventType "swiss"]
[EventCountry "NED"]
[SourceTitle "playchess.com"]
[Source "ChessBase"]
[SourceQuality "1"]
[TimeControl "40/5400+30:1800+30"]

1. e4 c5 2. Nf3 Nc6 3. d4 cxd4 4. Nxd4 g6 5. c4 Nf6 6. Nc3 d6 7. Be2 Nxd4 8. Qxd4 Bg7 9. Bg5 O-O 10. Qd2 a5 11. Rd1 Be6 12. b3 Re8 13. f3 Qb6 14. Rc1 Rac8 15. Be3 Qb4 16. Na4 Nd7 17. Qxb4 axb4 18. O-O Nc5 19. Nb6 Rc6 20. Nd5 Bxd5 21. cxd5 Rc7 22. Bd2 Ra8 23. Rc2 b6 24. Bxb4 Rca7 25. Bxc5 dxc5 26. a4 Bd4+ 27. Kh1 g5 28. g3 f6 29. Kg2 Kg7 30. Rh1 h6 31. h4 Rh8 32. Rh3 Raa8 33. Bc4 Raf8 34. Re2 Rd8 35. Rh1 Rdf8 36. Ree1 Rd8 37. Rh2 Rdf8 38. f4 Rd8 39. Kf3 Rdf8 40. Reh1 Rd8 41. hxg5 hxg5 42. Rxh8 Rxh8 43. Rxh8 Kxh8 44. fxg5 fxg5 45. Kg4 Be3 46. Kf5 Kg7 47. Ke6 Kf8 48. Bb5 g4 49. Kf5 Kf7 50. e5 e6+ 51. dxe6+ Ke7 52. Bc4 Bd4 53. Kxg4 Bxe5 54. Kf3 Bc7 55. g4 Bd8 56. Ke4 Kd6 57. Kf5 Bh4 58. g5 Ke7 59. Kg6 Kf8 60. Kf6 Be1 61. e7+ Ke8 62. Bb5# 1-0

[Event "9th Amsterdam Science Park A 2019"]
[Site "Amsterdam"]
[Date "2019.07.14"]
[Round "9.12"]
[White "Smirnova, Ekaterina"]
[Black "Keuning, Selwin"]
[Result "0-1"]
[ECO "E12"]
[WhiteElo "2184"]
[BlackElo "2078"]
[Annotator "NA"]
[PlyCount "142"]
[EventDate "2019.07.06"]
[EventType "swiss"]
[EventCountry "NED"]
[SourceTitle "playchess.com"]
[Source "ChessBase"]
[SourceQuality "1"]
[TimeControl "40/5400+30:1800+30"]

1. d4 Nf6 2. c4 e6 3. Nf3 b6 4. a3 Bb7 5. Nc3 d5 6. cxd5 Nxd5 7. Qc2 Nd7 8. e4 Nxc3 9. bxc3 Be7 10. Bd3 c5 11. O-O O-O 12. a4 Qc7 13. Qe2 Rfd8 14. e5 Nf8 15. Be3 f6 16. Bf4 Qc6 17. exf6 Bxf6 18. Be5 Bxe5 19. Qxe5 cxd4 20. cxd4 Qd6 21. Be2 Rac8 22. Rfd1 Bxf3 23. Bxf3 Qxe5 24. dxe5 Rxd1+ 25. Bxd1 Ng6 26. Bg4 Rc6 27. g3 Nxe5 28. Be2 Rc2 29. Kf1 a5 30. Rb1 Nd7 31. Bb5 Nc5 32. Rd1 Kf7 33. Rd8 Rb2 34. Rb8 Kf6 35. h4 Rb4 36. Ke2 Ne4 37. Ke3 Nc3 38. Bc6 Nxa4 39. Bxa4 Rxa4 40. Rxb6 Rb4 41. Ra6 a4 42. Ke2 g6 43. Ra7 h5 44. Ra6 Kf5 45. Kf1 e5 46. Kg2 Rc4 47. Kf1 Rb4 48. Ke2 Ke4 49. f3+ Kd4 50. Kd2 Rb2+ 51. Kc1 Rf2 52. Rxa4+ Ke3 53. Ra6 Kxf3 54. Rxg6 e4 55. Rf6+ Kxg3 56. Re6 Rf4 57. Kd2 Kf3 58. Re5 Rxh4 59. Rf5+ Kg4 60. Rf1 Rh3 61. Ke2 h4 62. Rf8 Ra3 63. Rg8+ Kh3 64. Kf2 Rf3+ 65. Ke2 Kh2 66. Rg4 h3 67. Rxe4 Kg2 68. Rh4 Rg3 69. Rf4 h2 70. Rf2+ Kh3 71. Rf1 Rg1 0-1